Map: 하드와이어 - 래더

Players

Spirit (souL)

  • Race: Terran Terran

DPGZest (Zest) - Winner!

  • Race: Protoss Protoss
  • League: Master

VOD

Have the link to the VOD?

Description

Time

  • Played on: Oct. 21, 2021, 9:43 a.m.
  • Length: 10:36
Show
View Real Time Build Order
Export as new Build Order

Spirit Terran 

Build Orders:  

Get SALT Encoding   

  12  0:00  SCV  
  13  0:12  SCV  
  14  0:17  Supply Depot  
  14  0:24  SCV  
  15  0:38  SCV  
  15  0:41  Barracks  
  16  0:50  SCV  
  16  0:52  Refinery  
  17  1:05  SCV  
  17  1:06  Engineering Bay  
  18  1:17  SCV  
  19  1:32  Marine, Orbital Command  
  20  1:53  Barracks Reactor  
  20  1:58  SCV  
  20  1:59  Supply Depot  
  21  2:08  Command Center  
  21  2:10  SCV  
  22  2:18  Bunker  
  22  2:20  Factory  
  22  2:24  SCV  
  23  2:30  Marine x2  
  23  2:36  SCV  
  26  2:41  Refinery  
  26  2:46  Supply Depot  
  26  2:50  SCV  
  27  2:54  Marine x2  
  29  3:02  SCV  
  30  3:07  Factory Tech Lab  
  30  3:14  Starport  
  30  3:15  SCV  
  32  3:22  Orbital Command  
  30  3:30  Siege Tank  
  30  3:32  Marine  
  34  3:35  SCV  
  34  3:37  Marine  
  36  3:44  Orbital Command  
  36  3:47  SCV  
  37  3:52  Marine  
  37  3:55  Marine, Supply Depot  
  38  3:59  SCV  
  40  4:07  Cloaking Field, Banshee  
  43  4:11  SCV x2  
  43  4:15  Bunker  
  45  4:17  Marine  
  45  4:19  Factory Tech Lab  
  45  4:23  SCV x2  
  48  4:25  Marine  
  48  4:30  Supply Depot  
  49  4:35  SCV x2  
  51  4:42  Marine  
  51  4:43  Marine  
  56  4:47  Engineering Bay, SCV x2  
  58  4:59  SCV  
  62  5:02  Raven  
  62  5:03  Marine x2  
  62  5:04  SCV  
  60  5:11  SCV  
  57  5:16  SCV  
  57  5:19  Missile Turret  
  57  5:21  Marine x2  
  56  5:25  SCV  
  56  5:26  Siege Tank  
  59  5:28  SCV  
  58  5:37  SCV  
  58  5:39  Marine x2  
  62  5:46  Missile Turret  
  62  5:48  Banshee  
  64  5:55  SCV  
  64  5:57  Marine x2  
  65  6:02  Supply Depot  
  66  6:13  Barracks  
  66  6:16  Orbital Command  
  66  6:23  Marine x2  
  66  6:24  SCV  
  69  6:28  Supply Depot  
  69  6:29  Supply Depot  
  69  6:34  Siege Tank, Orbital Command  
  72  6:41  Marine x2  
  72  6:45  Bunker  
  74  6:49  SCV  
  75  6:59  Marine  
  76  7:03  Supply Depot, SCV  
  76  7:06  Siege Tank  
  80  7:15  SCV  
  66  7:24  Orbital Command  
  66  7:27  SCV  
  66  7:28  Marine  
  63  7:36  Marine  
  63  7:38  Siege Tank  
  63  7:39  SCV  
  64  7:44  Banshee  
  64  7:50  Supply Depot  
  67  7:51  SCV  
  67  7:52  SCV  
  67  7:58  Engineering Bay  
  69  8:03  SCV  
  69  8:04  SCV  
  71  8:06  Supply Depot  
  71  8:10  Marine  
  71  8:11  Barracks Tech Lab  
  72  8:15  SCV  
  72  8:16  Widow Mine  
  72  8:18  SCV  
  74  8:22  Marine  
  67  8:27  Marine, SCV  
  67  8:30  SCV  
  63  8:37  Widow Mine  
  55  8:53  Marine  
  55  8:54  SCV, Banshee  
  57  8:58  Command Center  
  57  8:59  Marine  
  57  9:06  SCV  
  53  9:11  Marine  
  50  9:17  Marine  
  50  9:18  SCV  
  52  9:28  Marine  
  52  9:29  Marine  
  54  9:35  Marine, Siege Tank  
  54  9:44  Engineering Bay  
  42  9:47  Marine x2  
  44  9:53  Marine  
  44  9:56  SCV  
  43  10:14  Marine x2  
Show
View Real Time Build Order
Export as new Build Order

DPGZest Protoss - Winner!

Build Orders: Zealot Archon, Dark Templar Rush 

Get SALT Encoding   

  12  0:00  Probe  
  13  0:13  Probe  
  14  0:18  Pylon  
  14  0:25  Probe  
  15  0:34  Pylon  
  15  0:37  Probe  
  16  0:49  Probe  
  17  0:52  Gateway  
  17  0:56  Assimilator  
  17  1:01  Probe  
  18  1:13  Probe  
  19  1:25  Probe  
  20  1:38  Zealot (Chrono Boost)  
  22  1:40  Cybernetics Core  
  22  1:49  Probe  
  23  1:56  Zealot (Chrono Boost)  
  23  1:59  Nexus  
  25  2:02  Probe  
  25  2:06  Assimilator  
  26  2:13  Nexus  
  27  2:16  Stalker (Chrono Boost)  
  28  2:22  Warp Gate  
  28  2:30  Probe  
  28  2:34  Pylon  
  29  2:41  Stalker  
  31  2:52  Probe  
  32  3:00  Twilight Council  
  32  3:04  Probe (Chrono Boost)  
  33  3:14  Gateway  
  33  3:16  Probe (Chrono Boost)  
  34  3:21  Stalker  
  34  3:26  Probe (Chrono Boost)  
  38  3:27  Probe (Chrono Boost)  
  40  3:35  Probe x2 (Chrono Boost)  
  40  3:40  Dark Shrine  
  40  3:43  Probe  
  40  3:44  Probe  
  40  3:46  Charge (Chrono Boost)  
  42  3:53  Pylon  
  42  3:56  Probe  
  42  3:57  Probe  
  44  4:07  Gateway  
  44  4:13  Probe x2  
  44  4:16  Adept x2  
  50  4:20  Assimilator  
  50  4:26  Gateway  
  50  4:27  Probe x2  
  52  4:34  Gateway  
  52  4:40  Gateway  
  52  4:47  Probe  
  52  4:50  Assimilator  
  52  4:52  Dark Templar x2  
  57  4:58  Gateway  
  57  5:00  Probe  
  56  5:15  Dark Templar  
  56  5:37  Dark Templar x2, Zealot  
  56  5:40  Archon  
  56  5:41  Pylon  
  60  5:43  Shield Battery  
  60  5:44  Shield Battery  
  60  5:45  Shield Battery  
  60  5:46  Shield Battery  
  60  5:47  Archon  
  57  5:51  Robotics Facility  
  53  5:58  Probe x2  
  53  6:01  Zealot x4  
  61  6:10  Probe x2  
  63  6:16  Stalker  
  64  6:22  Probe x2 (Chrono Boost)  
  65  6:32  Probe (Chrono Boost)  
  67  6:36  Dark Templar  
  67  6:38  Dark Templar  
  70  6:40  Pylon  
  70  6:42  Archon  
  70  6:52  Probe  
  69  6:54  Probe, Warp Prism (Chrono Boost)  
  72  7:02  Sentry  
  72  7:03  Zealot x2  
  69  7:21  Stalker x3  
  69  7:22  Observer (Chrono Boost)  
  65  7:35  Probe x2  
  61  7:48  Zealot x3  
  67  7:55  Zealot x2  
  71  8:02  Zealot  
  73  8:08  Pylon  
  61  8:27  Zealot x4  
  61  8:28  Zealot  
  43  8:53  Zealot x6  
  42  9:15  Dark Templar x2, Zealot  
  42  9:16  Zealot x2  
  44  9:19  Archon  
  44  9:21  Zealot  
  46  9:26  Zealot  
  38  9:46  Zealot x5  
  44  10:02  Zealot x2  
  46  10:20  Zealot  
  46  10:21  Zealot x4  
Tags
 
Add a new tag
Caveats
  • Supply blocks, unpowered buildings, or Contaminate may cause inaccurate times.
  • Supply counts are checked every 10 seconds.